 Dungeon Crawl Stone Soup version 0.29-a0-997-gf6f7e2dfe7 (webtiles) character file.

Game seed: 2894432637950604289

61 Newt the Trooper (level 4, -2/29 HPs)
             Began as a Gargoyle Monk on Aug 4, 2022.
             Killed from afar by an acid dragon (27 damage)
             ... with a splash of acid
             ... on level 4 of the Dungeon.
             The game lasted 00:02:49 (1842 turns).

Newt the Trooper (Gargoyle Monk)                    Turns: 1842, Time: 00:02:49

Health: -2/29      AC:  8    Str: 15    XL:     4   Next: 7%
Magic:  4/4        EV: 11    Int: 10    God:
Gold:   67         SH:  0    Dex: 14    Spells: 3/3 levels left

rFire   . . .      SeeInvis .   a - +0 mace
rCold   . . .      Faith    .   (no shield)
rNeg    + . .      Spirit   .   i - +0 ring mail
rPois   ∞          Reflect  .   (no helmet)
rElec   +          Harm     .   (no cloak)
rCorr   .          Rampage  .   (no gloves)
Will    .....                   (no boots)
Stlth   +.........              (no amulet)
HPRegen 0.09/turn               (no ring)
MPRegen 0.09/turn               (no ring)

@: no status effects
A: sickness immunity, AC +3, negative energy resistance 1, electricity
resistance, torment resistance 1, petrification resistance
a: no special abilities


You were on level 4 of the Dungeon.
You visited 1 branch of the dungeon, and saw 4 of its levels.

You collected 67 gold pieces.

Inventory:

Hand Weapons
 a - a +0 mace (weapon)
 g - a +0 flail
 k - the +0 sling of Peace {flame, Contam rElec rC+}
   (You found it on level 3 of the Dungeon)

   Any ammunition fired from it burns those it strikes, dealing additional fire
   damage.
   rC:        It protects you from cold.
   rElec:     It insulates you from electricity.
   Contam:    It causes magical contamination when unequipped.
Missiles
 f - 2 poisoned darts (quivered)
Armour
 b - a +0 robe
 i - a +0 ring mail (worn)
Potions
 c - a potion of ambrosia
 d - 3 potions of heal wounds
 e - a potion of haste
 h - a potion of brilliance {unknown}


   Skills:
 + Level 3.6 Fighting
 + Level 3.4(3.6) Maces & Flails
 * Level 1.5(2.7) Staves
 + Level 2.7 Dodging
 - Level 2.1 Stealth
 * Level 1.0 Evocations


You had 3 spell levels left.
You didn't know any spells.
Your spell library was empty.

Dungeon Overview and Level Annotations

Branches:
Dungeon (4/15)
 Temple: D:4-7

Altars:
Sif Muna


Innate Abilities, Weirdness & Mutations

You are immune to sickness and miasma.
Your stone body is resilient. (AC +3)
You are immune to poison.
You resist negative energy. (rN+)
You are resistant to electric shocks. (rElec)
You are resistant to unholy torment.
You are immune to petrification.


Message History

The ball python bites you but does no damage.
The ball python constricts you. The adder bites you but does no damage.
You sock the ball python!
You kill the ball python!
The adder closely misses you.
You miss the adder. The adder barely misses you. The adder bites you.
You closely miss the adder. The adder closely misses you.
You closely miss the adder. The adder misses you.
The adder completely misses you.
You hit the adder but do no damage. The adder misses you.
The adder barely misses you.
You hit the adder.
The adder is heavily wounded.
The adder barely misses you.
You miss the adder.
The adder is heavily wounded.
The adder barely misses you. The adder bites you.
You hit the adder.
The adder is heavily wounded.
The adder bites you but does no damage.
You closely miss the adder.
The adder is heavily wounded.
The adder bites you but does no damage. The adder bites you.
You hit the adder.
You kill the adder!
You have reached level 4!
You feel stronger.
An endoplasm is nearby!
The endoplasm quivers.
You see here an adder corpse.
Found a stone staircase leading down.
An acid dragon comes into view.
Found 9 stones and 11 gold pieces.
The acid dragon roars!
You sock the endoplasm!
You kill the endoplasm!
The acid dragon spits acid at you. The splash of acid hits you!!
Ouch! That really hurt!
You die...

#. ## ..##.. ...
..... ...#..
#..##.#.##...>$#
#..#.#.....D..#
#.........#...
###.....#.....(.
#...............
#.......@.......
##.(..†..........
####................
#....(..............
.###...............
#...............
##..............
##.....#.....(.
########..###


You could see an acid dragon (catching breath).

Vanquished Creatures
  2 adders
  A worm (D:2)
  A dart slug (D:1)
  An orc (D:3)
  2 ball pythons
  4 bats
  6 endoplasms
  4 giant cockroaches
  A goblin (D:1)
  A hobgoblin (D:2)
  3 jackals (D:2)
  2 frilled lizards
  3 kobolds
  5 rats
36 creatures vanquished.

Vanquished Creatures (others)
  4 toadstools (D:1)
4 creatures vanquished.

Grand Total: 40 creatures vanquished

Notes
Turn   | Place    | Note
-------+----------+-------------------------------------------
     0 | D:1      | Newt the Gargoyle Monk began the quest for the Orb.
     0 | D:1      | Reached XP level 1. HP: 14/14 MP: 1/1
   227 | D:1      | Reached XP level 2. HP: 14/19 MP: 2/2
   724 | D:2      | Reached XP level 3. HP: 19/23 MP: 3/3
   734 | D:2      | Reached skill level 1 in Staves
   963 | D:2      | Found a shimmering blue altar of Sif Muna.
  1562 | D:3      | Identified the +0 sling of Peace {flame, Contam rElec rC+}
  1688 | D:3      | Reached skill level 1 in Evocations
  1763 | D:3      | Noticed a phantom
  1822 | D:4      | Reached XP level 4. HP: 22/28 MP: 4/4
  1840 | D:4      | Noticed an acid dragon
  1842 | D:4      | Killed from afar by an acid dragon

Illustrated notes

Levels and vault maps discovered:
D:1:      ldierk_water_garden, layout_rooms, chequers_big_river
D:2:      layout_basic, basic_altar
D:3:      layout_loops_ring, gup_sewer_entry_spiral, nicolae_hexahallways,
          grunt_decor_junction
D:4:      layout_rooms, nicolae_overflow_hidden_temple

Skill      XL: |  1  2  3 |
---------------+----------+-----
Staves         | 1 |  1.5
Evocations     | 1 |  1.0
Fighting       | |  3.6
Maces & Flails | |  3.4
Dodging        | |  2.7
Stealth        | |  2.1

Action                   |  1- 3 |  4- 6 || total
-------------------------+-------+-------++-------
Melee: Mace              |   143 |     1 ||   144
  Use: Scroll            |     5 |       ||     5
 Stab: Sleeping          |     2 |       ||     2
Armor: Robe              |    70 |       ||    70
       Ring mail         |     7 |       ||     7
Dodge: Dodged            |   118 |       ||   118

Table legend: (Time is in decaauts)
 A = Elapsed time spent in this place.
 B = Non-inter-level travel time spent in this place.
 C = Inter-level travel time spent in this place.
 D = Time resting spent in this place.
 E = Time spent auto-exploring this place.
 F = Levels seen in this place.
 G = Mean time per level.
                   A        B        C        D        E       F      G
               +--------+--------+--------+--------+--------+-----+--------+
         Total |   1886 |   1828 |     58 |      0 |   1469 |   4 |  471.5 |
       Dungeon |   1886 |   1828 |     58 |      0 |   1469 |   4 |  471.5 |
               +--------+--------+--------+--------+--------+-----+--------+

Top non-repeatable levels by time:
     D:2: 808 daAuts
     D:1: 702 daAuts
     D:3: 317 daAuts
     D:4: 57 daAuts
